 Dungeon Crawl Stone Soup version 0.28-a0-265-g048bc9fd10 (webtiles) character file.

Game seed: 14076843478015173229

471 Shayle the Ducker (level 7, -3/50 HPs)
             Began as a Djinni Warper on Aug 27, 2021.
             Slain by an iguana (9 damage)
             ... on level 5 of the Dungeon.
             The game lasted 00:14:33 (4822 turns).

Shayle the Ducker (Djinni Warper)                   Turns: 4822, Time: 00:14:34

Health: -3/50      AC: 11    Str: 10    XL:     7   Next: 31%
Gold:   190        EV: 12    Int: 16    God:
                   SH:  4    Dex: 13

rFire   + + .      SeeInvis .   k - +1 dagger (protect)
rCold   x . .      Faith    .   e - +0 buckler
rNeg    . . .      Spirit   .   a - +0 leather armour
rPois   ∞          Reflect  .   (no helmet)
rElec   .          Harm     .   (no cloak)
rCorr   .          Rampage  .   o - +0 pair of gloves
Will    +....                   (boots unavailable)
Stlth   +.........              (no amulet)
HPRegen 0.16/turn               j - ring of willpower
MPRegen 0.00/turn               (no ring)

@: under a protective aura, flying, very slightly contaminated
A: sickness immunity, fire resistance 2, cold vulnerability 1, float, innate
caster, hp casting, extra vitality 1
a: no special abilities


You were on level 5 of the Dungeon.
You visited 1 branch of the dungeon, and saw 5 of its levels.

You collected 190 gold pieces.

Inventory:

Hand Weapons
 f - a +0 rapier
 k - a +1 dagger of protection (weapon)
Missiles
 c - 5 boomerangs of dispersal (quivered)
 l - 4 boomerangs
Armour
 a - a +0 leather armour (worn)
 e - a +0 buckler (worn)
 o - a +0 pair of gloves (worn)
Jewellery
 j - a ring of willpower (left hand)
Wands
 i - a wand of paralysis (3)
 p - a wand of digging (4)
Scrolls
 b - a scroll of blinking
 d - a scroll of fog {unknown}
 g - 2 scrolls of identify
 m - 3 scrolls of teleportation
 n - a scroll of fear {unknown}
 q - a scroll of amnesia {unknown}
 r - a scroll of summoning {unknown}
 s - a scroll of torment {unknown}
 u - a scroll of enchant weapon {unknown}
Potions
 h - a potion of attraction
 t - a potion of flight {unknown}


   Skills:
 + Level 3.6 Fighting
 - Level 0.7 Throwing
 - Level 1.0 Armour
 + Level 4.0 Dodging
 + Level 2.9 Shields
 + Level 3.6 Unarmed Combat
 + Level 3.4 Spellcasting


You couldn't memorise any spells.
You knew the following spells:

 Your Spells              Type           Power      Damage    Failure   Level
a - Blink                 Tloc           N/A        N/A       10%         2
b - Lesser Beckoning      Tloc           6%         N/A       21%         3
c - Gell's Gravitas       Tloc           6%         N/A       21%         3
d - Teleport Other        Tloc           13%        N/A       21%         3
e - Manifold Assault      Tloc           13%        N/A       88%         5
f - Magic Dart            Conj           52%        1d5       7%          1
g - Poisonous Vapours     Pois/Air       26%        N/A       10%         2
h - Ozocubu's Armour      Ice            13%        N/A       21%         3
Your spell library was empty.

Dungeon Overview and Level Annotations

Branches:
Dungeon (5/15)
 Temple: D:4-7

Altars:
Dithmenos
Hepliaklqana
Okawaru
Vehumet
Wu Jian

Shops:
D:1 (

Annotations:
D:4 Menkaure


Innate Abilities, Weirdness & Mutations

You are immune to sickness and miasma.
You are immune to poison.
Your flesh is very heat resistant. (rF++)
You are vulnerable to cold. (rC-)
You float through the air rather than walking.
You learn spells naturally, not from books.
Your magical power is your life essence.
You have superior vitality. (+4 HP)


Message History

The scorpion is severely wounded.
The scorpion closely misses you. The iguana barely misses you.
You hit the scorpion.
The scorpion is severely wounded.
The scorpion stings you but does no damage.
The iguana closely misses you.
You hit the scorpion but do no damage.
The scorpion is severely wounded.
The scorpion stings you.
* * * LOW HITPOINT WARNING * * *
You block the iguana's attack.
You closely miss the scorpion.
The scorpion is severely wounded.
The scorpion barely misses you. The iguana misses you. The scorpion misses you.
You hit the scorpion but do no damage.
The scorpion is severely wounded.
The scorpion stings you but does no damage.
The iguana bites you.
* * * LOW HITPOINT WARNING * * *
Casting: Poisonous Vapours (safe; 10% risk of failure)
Confirm with . or Enter, or press ? or * to list all spells.
You miscast Blink.
You are very lightly contaminated with residual magic.
Nothing appears to happen.
* * * LOW HITPOINT WARNING * * *
The scorpion stings you but does no damage.
The iguana closely misses you.
Casting: Blink (safe; 10% risk of failure)
Confirm with . or Enter, or press ? or * to list all spells.
You blink.
A phantom comes into view.
Found 11 gold pieces.
* * * LOW HITPOINT WARNING * * *
You block the iguana's attack.
The dart slug bites you but does no damage.
As you read the scroll labelled UTOTIENLAI, it crumbles to dust.
It is a scroll of identify.
m - 3 scrolls of teleportation The iguana bites you!
You die...

..........# ..
..........##. #
...........$ ... #
.......)...# ... #
.....>.W.... ... #
.........##.###.#
######
#......##..#..###.....
######@####[.......####
#.[...wls......# #
#.####.####.#..### #
...# #.##...######
#.######s##.........
#(####.......#......
...s.........##...## #
.####.#....$##.#(..
#.#........##..


You could see a phantom, a scorpion, an iguana and a dart slug.

Vanquished Creatures
  A necrophage (D:5)
  A scorpion (D:5)
  A bullfrog zombie (D:5)
  A hound (D:5)
  Jessica (D:3)
  An iguana (D:4)
  A hound skeleton (D:4)
  11 adders
  2 dart slugs
  4 orcs
  6 ball pythons
  5 endoplasms
  6 giant cockroaches
  8 hobgoblins
  10 jackals
  7 kobolds
  2 quokkas
  4 bats
  3 frilled lizards (D:1)
  10 goblins
  3 rats
88 creatures vanquished.

Notes
Turn   | Place    | Note
-------+----------+-------------------------------------------
     0 | D:1      | Shayle the Djinni Warper began the quest for the Orb.
     0 | D:1      | Reached XP level 1. HP: 18/18 MP: 0/0
   220 | D:1      | Reached XP level 2. HP: 16/23 MP: 0/0
   319 | D:1      | Found Laosaoc's Weapon Shop.
   663 | D:1      | Found a faded altar of an unknown god.
   817 | D:1      | Reached XP level 3. HP: 25/28 MP: 0/0
   817 | D:1      | Learned a level 1 spell: Magic Dart
  1123 | D:1      | Reached skill level 1 in Shields
  1448 | D:2      | Reached XP level 4. HP: 13/34 MP: 0/0
  2480 | D:3      | Reached skill level 3 in Dodging
  2498 | D:3      | Reached XP level 5. HP: 32/39 MP: 0/0
  2498 | D:3      | Learned a level 2 spell: Poisonous Vapours
  2586 | D:3      | Found a hazy altar of Hepliaklqana.
  2587 | D:3      | Found a shadowy altar of Dithmenos.
  2587 | D:3      | Noticed a shadow
  2689 | D:3      | Noticed Jessica
  2694 | D:3      | Killed Jessica
  3605 | D:4      | HP: 2/40 [iguana (9)]
  3612 | D:4      | Reached XP level 6. HP: 3/46 MP: 0/0
  3906 | D:4      | Found an iron altar of Okawaru.
  4131 | D:4      | Noticed Menkaure
  4164 | D:5      | Entered Level 5 of the Dungeon
  4264 | D:5      | Found an ornate altar of the Wu Jian Council.
  4302 | D:5      | Noticed an ice beast
  4446 | D:5      | Noticed a necrophage
  4600 | D:5      | Killed a necrophage
  4601 | D:5      | Reached skill level 4 in Dodging
  4601 | D:5      | Reached XP level 7. HP: 21/50 MP: 0/0
  4601 | D:5      | Learned a level 3 spell: Ozocubu's Armour
  4822 | D:5      | Slain by an iguana

Illustrated notes

Levels and vault maps discovered:
D:1:      minmay_arrival_radiant_lines, layout_loops_ring,
          ebering_ecumenical_altar_rust, serial_shops, nicolae_square_shop
D:2:      layout_loops_ring, basic_altar
D:3:      layout_loops_ring, riverfiend_overflow_shadow_ancestor,
          tso_metal_star, grunt_ministairs_5, minmay_misc_feat_encased,
          minivault_11, minmay_misc_feat_doors, uniq_jessica
D:4:      layout_basic, okawaru_gym_becter, minmay_fountain_box,
          minmay_snake_closets, uniq_menkaure
D:5:      layout_rooms, mainiacjoe_overflow_alcove_2,
          minmay_temple_entry_proselytizer

Skill      XL: |  1  2  3  4  5  6 |
---------------+-------------------+-----
Shields        | 1 2 |  2.9
Dodging        | 3 4 |  4.0
Spellcasting   | 3 |  3.4
Unarmed Combat | 3 |  3.6
Fighting       | 3 |  3.6
Throwing       | |  0.7
Armour         | |  1.0

Action                   |  1- 3 |  4- 6 |  7- 9 || total
-------------------------+-------+-------+-------++-------
Melee: Rapier            |   145 |    54 |       ||   199
       Dagger            |       |   405 |    37 ||   442
 Cast: Poisonous Vapours |       |     1 |       ||     1
       Blink             |       |       |     1 ||     1
Evoke: Wand              |       |       |     4 ||     4
  Use: Potion            |       |     2 |       ||     2
       Scroll            |       |       |     1 ||     1
 Stab: Paralysed         |       |       |    10 ||    10
Armor: Leather armour    |    50 |   135 |    20 ||   205
       Skin              |       |    24 |       ||    24
Dodge: Dodged            |    92 |   247 |    26 ||   365
Block: Buckler           |    17 |    80 |     9 ||   106

Table legend: (Time is in decaauts)
 A = Elapsed time spent in this place.
 B = Non-inter-level travel time spent in this place.
 C = Inter-level travel time spent in this place.
 D = Time resting spent in this place.
 E = Time spent auto-exploring this place.
 F = Levels seen in this place.
 G = Mean time per level.
                   A        B        C        D        E       F      G
               +--------+--------+--------+--------+--------+-----+--------+
         Total |   4891 |   4879 |     12 |    443 |   3027 |   5 |  978.2 |
       Dungeon |   4891 |   4879 |     12 |    443 |   3027 |   5 |  978.2 |
               +--------+--------+--------+--------+--------+-----+--------+

Top non-repeatable levels by time:
     D:1: 1362 daAuts
     D:2: 1114 daAuts
     D:3: 928 daAuts
     D:4: 878 daAuts
     D:5: 608 daAuts
